Map: 이터널 엠파이어 - 래더

Players

Armani - Winner!

  • Race: Zerg Zerg
  • League: Grandmaster
  • Spawn Location: 7:00

Hurricane

  • Race: Protoss Protoss
  • League: Master
  • Spawn Location: 1:00

VOD

Have the link to the VOD?

Description

Time

  • Played on: Jan. 8, 2020, 6:21 a.m.
  • Length: 10:31
Show
View Real Time Build Order
Export as new Build Order

Armani Zerg - Winner!

Build Orders: Hatch First 

Get SALT Encoding   

  12  0:01  Drone  
  13  0:13  Overlord  
  13  0:17  Drone  
  14  0:32  Drone x2  
  16  0:48  Hatchery  
  15  0:53  Drone  
  15  0:56  Drone  
  17  0:59  Drone  
  18  1:10  Extractor  
  17  1:14  Spawning Pool  
  17  1:17  Drone  
  17  1:20  Drone  
  18  1:30  Drone  
  19  1:40  Drone  
  20  1:50  Overlord  
  20  2:00  Queen  
  20  2:01  Queen  
  22  2:02  Zergling x4  
  26  2:11  Drone  
  26  2:12  Metabolic Boost  
  27  2:16  Drone  
  28  2:23  Drone  
  29  2:37  Hatchery  
  29  2:41  Queen  
  29  2:44  Drone  
  31  2:46  Drone  
  32  2:53  Overlord  
  32  2:54  Drone  
  32  2:56  Drone  
  34  3:00  Drone  
  34  3:03  Drone  
  36  3:12  Drone x2  
  38  3:13  Drone  
  38  3:15  Overlord  
  38  3:19  Queen  
  41  3:23  Drone  
  41  3:25  Drone  
  41  3:26  Drone  
  44  3:34  Drone  
  44  3:36  Drone  
  44  3:39  Spore Crawler  
  45  3:42  Overlord  
  45  3:43  Drone x2  
  45  3:47  Drone  
  48  3:49  Zergling x2  
  48  3:50  Zergling x4  
  48  3:51  Spore Crawler, Drone  
  51  3:56  Drone  
  51  3:58  Evolution Chamber  
  51  4:02  Queen  
  51  4:05  Drone  
  51  4:07  Drone  
  51  4:09  Drone x2  
  57  4:10  Drone  
  57  4:13  Drone x2  
  57  4:15  Drone  
  61  4:18  Overlord  
  60  4:29  Overlord  
  58  4:36  Drone, Roach Warren  
  58  4:37  Drone  
  58  4:38  Drone x5  
  64  4:44  Zergling x4  
  66  4:46  Lair  
  66  4:47  Overlord  
  66  4:49  Drone  
  66  4:50  Drone x2  
  66  4:51  Drone  
  69  4:57  Zergling x6  
  71  5:00  Zergling x2  
  71  5:02  Overlord  
  72  5:07  Extractor x2  
  72  5:09  Drone x3  
  72  5:10  Drone  
  74  5:15  Zergling x10  
  74  5:17  Drone  
  74  5:18  Overlord  
  80  5:22  Roach x2  
  80  5:24  Roach  
  86  5:28  Roach  
  86  5:33  Overlord  
  86  5:35  Overlord x2  
  86  5:36  Overlord  
  86  5:38  Drone  
  86  5:39  Spore Crawler  
  86  5:40  Roach  
  86  5:42  Drone  
  87  5:43  Drone x2  
  87  5:44  Extractor x2  
  87  5:46  Glial Reconstitution  
  87  5:47  Overlord  
  87  5:52  Overseer  
  87  5:53  Drone x5  
  87  5:56  Roach  
  94  6:02  Roach  
  96  6:05  Drone, Overlord  
  96  6:09  Overlord  
  97  6:14  Drone x3  
  99  6:21  Overseer  
  99  6:23  Roach x5  
  99  6:24  Overlord  
  109  6:26  Hatchery  
  109  6:27  Drone  
  109  6:28  Overlord  
  109  6:30  Drone, Zerg Melee Weapons Level 1  
  109  6:32  Drone  
  111  6:34  Extractor  
  111  6:35  Drone  
  111  6:47  Drone  
  111  6:48  Drone x2, Overlord  
  111  6:50  Overlord  
  114  6:59  Drone  
  114  7:00  Drone x9  
  124  7:06  Roach  
  124  7:07  Baneling Nest  
  125  7:10  Overlord  
  125  7:16  Overlord  
  125  7:17  Drone  
  114  7:24  Drone x5  
  119  7:31  Drone x2  
  119  7:32  Drone  
  119  7:34  Ravager x2  
  119  7:35  Ravager x10  
  134  7:39  Drone x4  
  134  7:40  Queen  
  134  7:41  Unknown  
  134  7:42  Zergling x4  
  141  7:50  Drone  
  141  7:52  Drone  
  141  7:54  Spore Crawler, Centrifical Hooks  
  141  7:55  Pneumatized Carapace  
  141  8:00  Zergling x2  
  141  8:01  Zergling x18  
  151  8:07  Zergling x6  
  151  8:10  Baneling x13  
  151  8:11  Hatchery  
  153  8:19  Zergling x18  
  160  8:21  Baneling x9  
  160  8:28  Infestation Pit  
  159  8:34  Zergling x10  
  159  8:35  Zergling x2  
  159  8:39  Baneling x6  
  159  8:40  Baneling  
  165  8:42  Overlord  
  162  8:52  Roach x2  
  162  8:53  Hatchery, Roach x4  
  167  9:04  Zergling x24  
  167  9:05  Overlord  
  179  9:11  Baneling x6  
  161  9:30  Zergling x22  
  160  9:35  Zergling x22  
  165  9:45  Spire  
  160  9:46  Baneling x12  
  160  9:51  Zergling x2, Ravager x7  
  160  9:52  Zergling x10  
  173  9:53  Zergling x2  
  173  9:56  Drone x2  
  167  10:08  Baneling x4  
Show
View Real Time Build Order
Export as new Build Order

Hurricane Protoss 

Build Orders: 1 Gate Expand, Oracle Opening, Phoenix Opening, Archon Immortal 

Get SALT Encoding   

  12  0:00  Probe  
  13  0:13  Probe  
  14  0:21  Pylon  
  14  0:25  Probe  
  15  0:40  Probe (Chrono Boost), Gateway  
  16  0:47  Assimilator  
  16  0:48  Probe (Chrono Boost)  
  17  0:54  Probe  
  18  1:06  Probe  
  19  1:18  Probe  
  20  1:25  Nexus  
  20  1:33  Cybernetics Core  
  20  1:37  Probe  
  21  1:42  Assimilator  
  21  1:49  Probe  
  21  1:53  Pylon  
  22  2:01  Probe  
  22  2:08  Adept (Chrono Boost)  
  23  2:13  Probe  
  26  2:18  Stargate  
  26  2:26  Probe (Chrono Boost)  
  26  2:28  Warp Gate  
  26  2:32  Adept  
  28  2:37  Probe (Chrono Boost)  
  28  2:38  Probe (Chrono Boost)  
  30  2:47  Probe x2 (Chrono Boost)  
  32  2:52  Probe (Chrono Boost)  
  32  2:53  Probe  
  34  3:01  Phoenix (Chrono Boost)  
  34  3:04  Probe  
  37  3:05  Probe  
  37  3:08  Pylon  
  38  3:16  Probe  
  38  3:17  Probe  
  40  3:22  Oracle (Chrono Boost)  
  43  3:31  Probe  
  43  3:33  Probe  
  45  3:41  Assimilator  
  45  3:43  Probe  
  45  3:45  Assimilator  
  45  3:46  Probe  
  45  3:47  Gateway  
  47  3:54  Robotics Facility  
  47  3:57  Probe  
  47  3:59  Twilight Council  
  47  4:00  Probe  
  49  4:09  Probe  
  50  4:11  Gateway  
  50  4:12  Probe  
  50  4:13  Gateway  
  51  4:21  Probe  
  52  4:24  Probe  
  53  4:35  Pylon  
  53  4:37  Templar Archives  
  53  4:38  Pylon  
  53  4:39  Warp Prism (Chrono Boost)  
  54  4:58  Probe x2  
  56  5:05  Nexus  
  56  5:08  Observer  
  56  5:13  Probe x2  
  58  5:18  Zealot  
  58  5:19  Zealot  
  58  5:20  Zealot x2  
  65  5:29  Probe  
  66  5:40  Probe  
  66  5:41  Pylon  
  66  5:42  Psionic Storm  
  68  5:50  Probe  
  68  5:52  Gateway  
  68  5:54  Gateway  
  68  5:57  Gateway  
  68  5:58  Pylon, Gateway  
  68  6:03  High Templar x4  
  76  6:10  Observer  
  76  6:14  Probe (Chrono Boost)  
  76  6:15  Probe (Chrono Boost), Immortal (Chrono Boost)  
  82  6:20  Forge  
  82  6:22  Probe (Chrono Boost)  
  84  6:27  Probe x2 (Chrono Boost)  
  84  6:32  Probe (Chrono Boost)  
  86  6:33  Probe x2 (Chrono Boost)  
  86  6:36  Pylon  
  86  6:37  Probe (Chrono Boost)  
  89  6:44  Probe x2  
  89  6:45  Sentry x2  
  89  6:46  High Templar x2  
  96  6:48  Assimilator  
  96  6:49  Probe, Assimilator  
  96  6:51  Immortal (Chrono Boost)  
  97  6:54  Charge (Chrono Boost), Protoss Ground Weapons Level 1 (Chrono Boost)  
  101  7:08  Probe x3  
  104  7:11  Photon Cannon  
  100  7:23  Probe  
  100  7:27  High Templar  
  100  7:28  Zealot x3  
  109  7:31  Pylon  
  109  7:39  Pylon  
  109  7:41  Pylon  
  109  7:42  Photon Cannon  
  109  7:49  Immortal  
  109  7:50  High Templar x2  
  117  7:54  Archon  
  117  8:00  Zealot x4  
  117  8:01  Zealot x2  
  129  8:12  Pylon x2  
  129  8:13  Pylon  
  125  8:24  High Templar x4  
  125  8:25  Nexus  
  133  8:29  Archon x2, Pylon x2  
  133  8:30  Zealot  
  133  8:31  Zealot x3  
  141  8:42  Immortal (Chrono Boost)  
  141  8:54  Probe x2  
  141  8:55  Probe  
  144  8:56  Pylon  
  144  9:00  Pylon  
  144  9:05  Zealot x8  
  160  9:14  Immortal (Chrono Boost)  
  136  9:29  Zealot x6  
  136  9:30  Zealot x2  
  114  9:31  Probe x2  
  112  9:48  Warp Prism (Chrono Boost)  
  112  9:51  High Templar x4  
  112  9:52  High Templar x4  
  130  9:56  Archon x2  
  130  9:57  Archon x2, Gateway  
  130  9:59  Gateway  
  107  10:25  High Templar  
  107  10:26  High Templar x3, Zealot x4  
Tags
 
Add a new tag
Caveats
  • Supply blocks, unpowered buildings, or Contaminate may cause inaccurate times.
  • Supply counts are checked every 10 seconds.